 Dungeon Crawl Stone Soup version 0.24.0-123-gd5b16e6ec5 (webtiles) character file.

Game seed: 9770148196051141595, levelgen mode: deterministic

92 Peloso the Covered (level 4, -7/40 HPs)
             Began as a Minotaur Fighter on Dec 24, 2019.
             Mangled by an orc
             ... wielding a +1 falchion of electrocution
              (11 damage)
             ... on level 3 of the Dungeon.
             The game lasted 00:03:14 (1618 turns).

Peloso the Covered (Minotaur Fighter)               Turns: 1618, Time: 00:03:16

Health: -7/40      AC:  7    Str: 21    XL:     4   Next: 35%
Magic:  3/3        EV:  8    Int:  5    God:
Gold:   155        SH:  9    Dex: 10    Spells: 3/3 levels left

rFire    . . .     SeeInvis .   a - +0 long sword
rCold    . . .     Gourm    .   c - +0 shield
rNeg     . . .     Faith    .   b - +0 scale mail
rPois    .         Spirit   .   (helmet restricted)
rElec    .         Reflect  .   (no cloak)
rCorr    .         Harm     .   (no gloves)
MR       .....                  (no boots)
Stlth    ..........             (no amulet)
HPRegen  0.13/turn              (no ring)
MPRegen  0.08/turn              (no ring)

@: no status effects
A: retaliatory headbutt, horns 2
a: no special abilities


You were on level 3 of the Dungeon.
You were hungry.

You visited 1 branch of the dungeon, and saw 3 of its levels.

You collected 155 gold pieces.

Inventory:

Hand Weapons
 a - a +0 long sword (weapon)
Armour
 b - a +0 scale mail (worn)
 c - a +0 shield (worn)
Jewellery
 k - an uncursed ring of positive energy {unknown}
Wands
 m - a wand of enslavement (7)
Scrolls
 i - a scroll of identify {unknown}
 j - a scroll of teleportation {unknown}
 l - a scroll of remove curse {unknown}
 n - a scroll of enchant armour {unknown}
 o - a scroll of amnesia {unknown}
Potions
 d - 2 potions of might
 e - a potion of resistance {unknown}
 g - a potion of heal wounds {unknown}
 h - a potion of berserk rage {unknown}
Comestibles
 f - 4 rations


   Skills:
 + Level 4.3 Fighting
 + Level 3.2 Long Blades
 + Level 4.5 Armour
 + Level 0.7 Dodging
 + Level 4.5 Shields


You had 3 spell levels left.
You didn't know any spells.
Your spell library was empty.

Dungeon Overview and Level Annotations

Branches:
Dungeon (3/15)

Altars:
Xom


Innate Abilities, Weirdness & Mutations

You reflexively headbutt those who attack you in melee.
You have a pair of horns on your head.


Message History

The orc shouts!
An orc is nearby!
An orc is nearby!
An orc is nearby!
The orc hits you but does no damage.
You closely miss the orc. Your headbutt misses the orc.
You are feeling hungry.
The orc hits you but does no damage.
You are electrocuted!
You closely miss the orc.
The orc hits you with a +1 falchion of electrocution.
Your shield and scale mail prevent you from hitting the orc.
The orc hits you but does no damage.
You hit the orc.
The orc is heavily wounded.
The orc hits you but does no damage.
You are electrocuted!
* * * LOW HITPOINT WARNING * * *
The orc hits you with a +1 falchion of electrocution.
* * * LOW HITPOINT WARNING * * *
You are electrocuted!
You die...

.. ##'## #.#
######.#######
#.............#
#.###.....###.# #
#.....# #.#
###.###.....###.######.
........#.#............
#...o@....###.#######
#####.....###.#
#.........# ###########


You could see an orc.

Vanquished Creatures
  Natasha (D:3)
  An adder (D:2)
  An ooze (D:1)
  2 dart slugs
  5 giant cockroaches
  3 goblins (D:1)
  5 hobgoblins
  6 jackals
  8 bats
  3 frilled lizards
  8 kobolds
  3 rats
46 creatures vanquished.

Notes
Turn   | Place    | Note
-------+----------+-------------------------------------------
     0 | D:1      | Peloso the Minotaur Fighter began the quest for the Orb.
     0 | D:1      | Reached XP level 1. HP: 19/19 MP: 0/0
    60 | D:1      | Reached XP level 2. HP: 21/27 MP: 1/1
   858 | D:2      | Reached XP level 3. HP: 33/33 MP: 2/2
  1243 | D:2      | Found a shimmering altar of Xom.
  1310 | D:3      | Noticed Natasha
  1322 | D:3      | Killed Natasha
  1322 | D:3      | Reached XP level 4. HP: 7/40 MP: 3/3
  1618 | D:3      | Mangled by an orc

Levels and vault maps discovered:
D:1:      dpeg_arrival_arbitrary_c, layout_basic
D:2:      layout_rooms, tgw_xom
D:3:      layout_loops_corners, nemelex_xobeh_ov_fountains_minmay, uniq_natasha

Skill      XL: |  1  2  3 |
---------------+----------+-----
Fighting       | 4 |  4.3
Armour         | 4 |  4.5
Shields        | 4 |  4.5
Long Blades    | 3 |  3.2
Dodging        | |  0.7

Action                   |  1- 3 |  4- 6 || total
-------------------------+-------+-------++-------
Melee: Long sword        |   122 |     6 ||   128
       Headbutt          |    11 |     1 ||    12
  Eat: Chunk             |     1 |     1 ||     2
Armor: Scale mail        |    92 |     2 ||    94
Dodge: Dodged            |    53 |     1 ||    54
Block: Shield            |    99 |     1 ||   100
       Rpst.: Long sword |    16 |       ||    16
